AoeStats
← 恆浪蕩

African Clearing

505401054Analyzed
4v4 RM · 22d ago on Sep 9, 2026· 44m 41s· 8 players
Game mode
Random Map
Map size
Large (8 player)
Population
200
Speed
Normal
Resources
Standard
Victory
Conquest
Starting age
Dark Age
Ending age
Imperial Age
RankedLock teamsTeams togetherTeam positionsShared explorationLock speedFull tech treeHidden civsTurbo modeCheats
Victory
Defeat
🇹🇼 Vietnamese · Taiwan
1720
+10
🇨🇳 Mongols · China
1645
+13
🇹🇼 Goths · Taiwan
1626
+14
🇹🇼 Teutons · Taiwan
1597
+15
🇫🇷 Magyars · France
1659
-16
🇧🇴 Ethiopians · Bolivia
1562
-12
🇻🇳 Persians · Vietnam
1561
-12
🇹🇼 Tatars · Taiwan
1561
-12
VIVIAN
7:40 Loom
12:15 Feudal Age
12:58 Double-Bit Axe
16:33 Castle Age
16:38 Stone Mining
18:04 Bow Saw
19:57 Fletching
20:58 Wheelbarrow
21:26 Bodkin Arrow
25:41 Ballistics
25:32 Bloodlines
25:23 Husbandry
26:22 Town Watch
26:58 Padded Archer Armor
27:28 Horse Collar
30:27 Heavy Plow
31:06 Thumb Ring
32:18 Hand Cart
32:12 Gold Mining
33:03 Leather Archer Armor
38:53 Imperial Age
38:31 Masonry
38:18 Murder Holes
39:35 Stone Shaft Mining
39:38 Gold Shaft Mining
39:10 Town Patrol
39:35 Bracer
40:39 Chemistry
39:02 Heavy Cavalry Archer
40:08 Parthian Tactics
39:55 Elite Mangudai
41:11 Conscription
41:23 Siege Engineers
42:31 Drill
43:29 Scale Barding Armor
43:34 Forging
42:47 Light Cavalry
44:44 Chain Barding Armor
43:46 Elite Steppe Lancer
FUFU
11:14 Feudal Age
11:42 Double-Bit Axe
12:53 Loom
13:24 Horse Collar
14:55 Wheelbarrow
20:58 Castle Age
25:10 Fletching
27:03 Bodkin Arrow
27:26 Town Watch
32:19 Stone Mining
恆浪蕩
5:00 Loom
13:11 Feudal Age
17:16 Castle Age
15:05 Double-Bit Axe
16:10 Horse Collar
21:41 Bow Saw
24:44 Bloodlines
26:02 Forging
27:39 Wheelbarrow
27:39 Scale Barding Armor
29:09 Fletching
30:49 Chain Barding Armor
33:10 Gold Mining
36:27 Iron Casting
40:08 Imperial Age
40:50 Hand Cart
40:20 Town Watch
40:27 Cavalier
43:54 Heavy Plow
44:26 Paladin
YiMia
3:54 Loom
12:13 Feudal Age
27:46 Man-at-Arms
31:44 Double-Bit Axe
35:46 Castle Age
35:18 Scale Mail Armor
36:25 Horse Collar
37:01 Chain Mail Armor
36:08 Long Swordsman
40:24 Wheelbarrow
41:09 Forging
47:36 Imperial Age
45:15 Heavy Plow
45:26 Bow Saw
[ECU] Pendeck's
6:28 Loom
13:03 Feudal Age
13:05 Man-at-Arms
13:38 Double-Bit Axe
13:34 Horse Collar
17:33 Town Watch
23:01 Castle Age
21:10 Scale Mail Armor
23:40 Crossbowman
25:25 Wheelbarrow
25:03 Crossbowman
26:22 Fletching
28:07 Bodkin Arrow
29:36 Ballistics
29:30 Gold Mining
31:37 Padded Archer Armor
37:01 Thumb Ring
41:53 Leather Archer Armor
43:17 Hand Cart
43:57 Chain Mail Armor
timembh
6:59 Loom
13:31 Feudal Age
17:41 Castle Age
15:39 Double-Bit Axe
18:50 Bow Saw
21:31 Wheelbarrow
23:47 Fletching
25:04 Horse Collar
25:46 Town Watch
27:00 Scale Barding Armor
28:37 Forging
29:24 Chain Barding Armor
30:52 Bloodlines
38:01 Imperial Age
36:07 Husbandry
36:07 Husbandry
39:13 Plate Barding Armor
39:13 Cavalier
41:20 Chemistry
41:50 Iron Casting
鼠條
8:33 Loom
20:53 Feudal Age
21:19 Double-Bit Axe
22:29 Wheelbarrow
24:28 Town Watch
30:28 Fletching
32:58 Castle Age
31:12 Padded Archer Armor
32:44 Gold Mining
33:39 Bodkin Arrow
34:00 Leather Archer Armor
34:07 Bow Saw
34:25 Bloodlines
35:29 Ballistics
37:24 Horse Collar
37:47 Elite Skirmisher
39:16 Hand Cart
Getsuga Tensho
11:57 Feudal Age
12:58 Double-Bit Axe
13:29 Loom
23:01 Castle Age
22:17 Scale Barding Armor
22:23 Bloodlines
22:07 Gold Mining
22:47 Horse Collar
24:04 Chain Barding Armor
24:08 Husbandry
25:15 Wheelbarrow
25:13 Town Watch
28:52 Hand Cart
32:57 Bow Saw
33:20 Stone Mining
36:30 Heavy Plow
40:22 Imperial Age
39:26 Fletching
39:59 Ballistics
40:40 Cavalier
41:56 Plate Barding Armor
Connection lost

Rejoining the realm…

Still unreachable

The connection could not be restored.

Session expired

The server has moved on; the page needs a fresh start.